 Dungeon Crawl Stone Soup version 0.16.1-16-gc44b35d (webtiles) character file.

11 hulla the Insei (level 2, -1/18 HPs)
             Began as an Octopode Transmuter on Apr 16, 2015.
             Slain by a hobgoblin
             ... wielding a +0 club
              (5 damage)
             ... on level 1 of the Dungeon.
             The game lasted 00:01:43 (507 turns).

hulla the Insei (Octopode Transmuter)                Turns: 507, Time: 00:01:44

Health: -1/18      AC:  1    Str:  9    XL:     2   Next: 25%
Magic:  3/4        EV: 12    Int: 15    God:
Gold:   21         SH:  0    Dex: 12    Spells: 1 memorised, 4 levels left

rFire  . . .     SeeInvis .       - Unarmed
rCold  . . .     Clarity  .     (no shield)
rNeg   . . .     SustAb   .     (helmet restricted)
rPois  .         Gourm    .     (no amulet)
rElec  .         Spirit   .     (no ring)
rCorr  .         Warding  .     (no ring)
rMut   .         Stasis   .     (no ring)
MR     .....                    (no ring)
Stlth  ++........               (no ring)
                                (no ring)
                                (no ring)
                                (no ring)

@: appendage (expiring), not resistant to hostile enchantments, unstealthy
A: almost no armour, amphibious, 8 rings, constrict 8, tentacle spike 3,
camouflage 1, gelatinous body 1
a: End Transformation


You were on level 1 of the Dungeon.
You were not hungry.
One of your tentacles had a temporary spike.
You visited 1 branch of the dungeon, and saw 1 of its levels.

You collected 21 gold pieces.

Inventory:

Missiles
 b - 28 arrows
 e - 10 exploding sling bullets
 g - 8 silver tomahawks (quivered)
Scrolls
 f - a scroll of amnesia {unknown}
Books
 d - a book of Changes

   Spells                             Type                      Level
   a - Beastly Appendage              Transmutation                1
   b - Sticks to Snakes               Transmutation                2
   c - Spider Form                    Transmutation/Poison         3
   d - Ice Form                       Ice/Transmutation            4
   e - Blade Hands                    Transmutation                5
Comestibles
 a - a bread ration
 c - 2 chunks of flesh


   Skills:
 - Level 1.0 Fighting
 - Level 2.0 Dodging
 - Level 3.0 Unarmed Combat
 - Level 2.0 Spellcasting
 + Level 2.8 Transmutations


You had 4 spell levels left.
You knew the following spells:

 Your Spells              Type           Power        Failure   Level  Hunger
a - Beastly Appendage     Trmt           ##....       10%         1    #......


Dungeon Overview and Level Annotations

Branches:
Dungeon (1/15)

Altars:


Innate Abilities, Weirdness & Mutations

You cannot wear most types of armour.
You are amphibious.
You can wear up to eight rings at the same time.
You can use your tentacles to constrict many enemies at once.
Your skin changes colour to match your surroundings (Stealth).
Your rubbery body absorbs attacks (AC +1).
One of your tentacles bears a large vicious spike.


Message History

Confirm with . or Enter, or press ? or * to list all spells.
One of your tentacles grows a vicious spike.
Your transformation is almost over.
You tentacle-slap the hobgoblin but do no damage.
Your grab misses the hobgoblin. The hobgoblin misses you.
The hobgoblin hits you with a club.
* * * LOW HITPOINT WARNING * * *
You closely miss the hobgoblin. Your grab misses the hobgoblin.
You pierce the hobgoblin, but do no damage.
The hobgoblin hits you but does no damage.
You barely miss the hobgoblin. Your grab misses the hobgoblin.
The hobgoblin misses you.
You closely miss the hobgoblin. You grab the hobgoblin.
You pierce the hobgoblin, but do no damage.
You constrict the hobgoblin. The hobgoblin completely misses you.
You tentacle-slap the hobgoblin but do no damage.
The hobgoblin is lightly wounded.
You constrict the hobgoblin, but do no damage.
The hobgoblin hits you with a club.
You die...

#.##.#....## #..#..#
#.##.#.....####..#).
#.#...........#..[.. ####
#.#.....g.........#. #..#
#.#..............##. ####..#####
#.#.##.......###.#..
..........####.#.##÷...#.........
..................).........##...
................@g.............>.
..........#######################
####..#####.. .... .......
#......#.# #..# #....# ######.#.#
#..####+....# #.#.# #...........#
#.#.#####...........###+#
#†#.##'##......<.........
#.#.........####'##..##+#


You could see a hobgoblin.

Vanquished Creatures
  A giant gecko (D:1)
  2 bats (D:1)
  A goblin (D:1)
  3 kobolds (D:1)
  A giant newt (D:1)
  2 rats (D:1)
10 creatures vanquished.

Notes
Turn   | Place    | Note
--------------------------------------------------------------
     0 | D:1      | hulla, the Octopode Transmuter, began the quest for the Orb.
     0 | D:1      | Reached XP level 1. HP: 13/13 MP: 3/3
   105 | D:1      | Reached XP level 2. HP: 4/18 MP: 4/4
   507 | D:1      | Slain by a hobgoblin

Action                   || total
-------------------------++-------
Melee: Unarmed           ||    37
 Cast: Beastly Appendage ||     6
 Stab: Sleeping          ||     1
